cohdb
Replays
Latest Replays
All Replays
Popular Replays
Top Player Replays
Match Explorer
How It Works
Community
CoH3 Stats
Reddit
Sign in to upload your games and track your stats! →
Sign in with Steam
Match 39788843
Unlisted
Match 39788843
Overview
Messages
Build Orders
End
Pioneer Squad
Pioneer Squad
Pioneer Squad
Construct Infanterie Kompanie
Selects Terror Battlegroup
Selects Machine Gun Camouflage
MG 42 Machine Gun Team
GrW 34 Mortar Team
MG 42 Machine Gun Team
Construct Luftwaffe Kompanie
Medical Bunker
Support Elements
Wirbelwind Flakpanzer
Wirbelwind Flakpanzer
Jäger Squad
Marder III M Tank Destroyer
Selects Defend the Fatherland
Marder III M Tank Destroyer
Construct Panzer Kompanie
Sturmpanzer IV Brummbär
Selects King Tiger Heavy Tank
Sarmynation
lklklklkl
warpktan
DemonRook
0
0
Comments
sign in to comment!
No comments posted yet!